 Dungeon Crawl Stone Soup version 0.24-a0-361-g57161393b2 (webtiles) character file.

Game seed: 2480565285773199078

67 MisterOstroum the Shooter (level 3, -1/31 HPs)
             Began as a Centaur Hunter on May 26, 2019.
             Slain by an adder (4 damage)
             ... on level 2 of the Dungeon.
             The game lasted 00:02:01 (1556 turns).

MisterOstroum the Shooter (Centaur Hunter)          Turns: 1556, Time: 00:02:02

Health: -1/31      AC:  4    Str: 14    XL:     3   Next: 98%
Magic:  3/3        EV:  9    Int: 10    God:
Gold:   42         SH:  0    Dex: 10    Spells: 2/2 levels left

rFire    . . .     SeeInvis .   b - +0 short sword
rCold    . . .     Gourm    .   (no shield)
rNeg     . . .     Faith    .   c - +0 leather armour
rPois    .         Spirit   .   (no helmet)
rElec    .         Reflect  .   (no cloak)
rCorr    .         Harm     .   (no gloves)
MR       .....                  (no barding)
Stlth    +.........             (no amulet)
HPRegen  0.10/turn              (no ring)
MPRegen  0.08/turn              (no ring)

@: lethally poisoned (-1 -> -4), very quick
A: large, hooves 3, deformed body, speed 2, tough skin 3
a: no special abilities


You were on level 2 of the Dungeon.
You were not hungry.

You visited 1 branch of the dungeon, and saw 2 of its levels.

You collected 42 gold pieces.

Inventory:

Hand Weapons
 a - a +1 shortbow
 b - a +0 short sword (weapon)
Missiles
 g - 36 stones (quivered)
Armour
 c - a +0 leather armour (worn)
 m - a scarf of repulsion
Scrolls
 h - a scroll of enchant weapon {unknown}
 i - a scroll of enchant armour {unknown}
 j - a scroll of fog {unknown}
 k - a scroll of teleportation {unknown}
 n - 2 scrolls of remove curse {unknown}
 o - a scroll of amnesia {unknown}
Potions
 l - a potion of curing {unknown}
Comestibles
 e - 3 rations
 f - 2 chunks of flesh


   Skills:
 + Level 3.3 Fighting
 + Level 6.4 Bows
 - Level 1.3 Dodging
 - Level 0.4 Stealth


You had 2 spell levels left.
You didn't know any spells.
Your spell library was empty.

Dungeon Overview and Level Annotations

Branches:
Dungeon (2/15)

Altars:


Innate Abilities, Weirdness & Mutations

You have hooves in place of feet.
Armour fits poorly on your strangely shaped body.
You cover ground very quickly.
You have extremely tough skin. (AC +3)


Message History

Firing (i - inventory. (/) - cycle)
d - 4 arrows (quivered)
Press: ? - help, Shift-Dir - straight line, f - goblin
Aim: a goblin, wielding a +0 club You shoot an arrow.
The arrow misses the goblin.
Firing (i - inventory. (/) - cycle)
d - 3 arrows (quivered)
Press: ? - help, Shift-Dir - straight line, f/p - goblin
Aim: a goblin, wielding a +0 club You shoot an arrow.
The arrow hits the goblin!
You kill the goblin!
An adder skeleton comes into view.
Firing (i - inventory. (/) - cycle)
d - 2 arrows (quivered)
Press: ? - help, Shift-Dir - straight line, f - worm
Aim: a worm You shoot an arrow.
The arrow hits the worm.
The worm is moderately wounded.
Firing (i - inventory. (/) - cycle)
d - an arrow (quivered)
Press: ? - help, Shift-Dir - straight line, f/p - worm
Aim: a worm (moderately wounded)
You shoot an arrow. The arrow barely misses the worm.
Throwing (i - inventory)
g - 39 stones (quivered)
Press: ? - help, Shift-Dir - straight line, f/p - worm
Aim: a worm (moderately wounded)
You throw a stone.
The stone hits the worm but does no damage.
The worm is moderately wounded.
Throwing (i - inventory)
g - 38 stones (quivered)
Press: ? - help, Shift-Dir - straight line, f/p - worm
Aim: a worm (moderately wounded)
You throw a stone.
The stone hits the adder skeleton but does no damage.
Wield which item (- for none, * to show all)? (? for menu, Esc to quit)
You are now empty-handed.
Wield which item (- for none, * to show all)? (? for menu, Esc to quit)
b - a +0 short sword (weapon)
The adder skeleton closely misses you.
You barely miss the adder skeleton. The adder skeleton misses you.
You hit the adder skeleton. Your kick misses the adder skeleton.
The adder skeleton is lightly damaged.
The adder skeleton bites you.
Throwing (i - inventory)
g - 37 stones (quivered)
Press: ? - help, Shift-Dir - straight line, f/p - adder skeleton
Aim: an adder skeleton (lightly damaged)
You throw a stone.
The stone hits the adder skeleton but does no damage.
The adder skeleton is lightly damaged.
You hit the adder skeleton. You kick the adder skeleton.
The adder skeleton is moderately damaged.
The adder skeleton bites you.
You hit the adder skeleton.
The adder skeleton is heavily damaged.
The adder skeleton bites you but does no damage.
The adder skeleton bites you.
Found a stone staircase leading down.
You barely miss the adder skeleton.
The adder skeleton is heavily damaged.
The adder skeleton bites you but does no damage.
An adder comes into view.
The adder hisses angrily.
You barely miss the adder skeleton.
The adder skeleton is heavily damaged.
The adder skeleton bites you.
You barely miss the adder skeleton. Your kick misses the adder skeleton.
The adder skeleton is heavily damaged.
The adder skeleton bites you but does no damage.
You hit the adder skeleton. You kick the adder skeleton.
You destroy the adder skeleton!
You closely miss the adder. The adder bites you but does no damage.
Your leather armour prevents you from hitting the adder.
The adder bites you. The worm closely misses you. The adder bites you.
You barely miss the adder. Your kick misses the adder.
The adder barely misses you. The worm closely misses you.
You closely miss the adder. Your kick misses the adder.
The adder barely misses you. The adder bites you but does no damage.
You hit the adder. Your kick misses the adder.
The adder is lightly wounded.
The adder bites you. The worm barely misses you.
You hit the adder. Your kick misses the adder.
The adder is moderately wounded.
The adder bites you. The worm barely misses you. The adder bites you.
You are poisoned.
The adder poisons you!
You closely miss the adder. You kick the adder, but do no damage.
The adder is moderately wounded.
You feel sick. The adder bites you.
You closely miss the adder.
The adder is moderately wounded.
The adder bites you but does no damage. The worm barely misses you.
You barely miss the adder.
The adder is moderately wounded.
You feel sick. The adder barely misses you. The adder bites you.
The worm closely misses you.
You miss the adder. Your kick misses the adder.
The adder is moderately wounded.
The adder closely misses you.
You hit the adder.
The adder is almost dead.
You feel sick. The adder closely misses you. The worm bites you!
* * * LOW HITPOINT WARNING * * *
The adder bites you.
You die...

#### #.. ...# ###
#>. ... ..# #.#
####.###.## #..
#.........#
#.####......##.#
#.#.##......##.#
#S#.##......##.##
#@#.#####.#.....#
#w#.....#.#...#.##
#.........+...+...
####.###...#...##.#
####...(#
#####...##..
#.......# #...###.
.#.......# #...# #.
.........##
#..)####
.(........# #..


You could see a worm and an adder.

Vanquished Creatures
  2 adders (D:2)
  An adder skeleton (D:2)
  2 dart slugs (D:1)
  A ball python (D:1)
  A giant cockroach (D:1)
  6 goblins
  3 hobgoblins
  6 jackals (D:1)
  2 kobolds (D:1)
  A quokka (D:2)
  3 bats
  4 frilled lizards (D:1)
  9 rats
41 creatures vanquished.

Notes
Turn   | Place    | Note
-------+----------+-------------------------------------------
     0 | D:1      | MisterOstroum the Centaur Hunter began the quest for the
                  | Orb.
     0 | D:1      | Reached XP level 1. HP: 17/17 MP: 1/1
   116 | D:1      | Reached XP level 2. HP: 25/25 MP: 2/2
   441 | D:1      | Reached skill level 6 in Bows
   442 | D:1      | Reached XP level 3. HP: 24/30 MP: 3/3
  1047 | D:2      | Found a faded altar of an unknown god.
  1556 | D:2      | Slain by an adder

Levels and vault maps discovered:
D:1:      sevenhm_arrival_forest_fort_small_6, layout_loops_ring
D:2:      layout_basic, eat_drink_and_be_merry_uskayaw,
          chequers_ecumenical_altar_simple

Skill      XL: |  1  2  3 |
---------------+----------+-----
Bows           | 6 |  6.4
Fighting       | 3 |  3.3
Dodging        | |  1.3
Stealth        | |  0.4

Action                   || total
-------------------------++-------
Melee: Short sword       ||    43
       Kick              ||     7
 Fire: Shortbow          ||    91
Throw: Stone             ||    27
  Eat: Chunk             ||     1
Armor: Leather armour    ||    31
Dodge: Dodged            ||    43

Table legend:
 A = Non-vault XP
 B = Vault XP
 C = Vault XP percentage of total XP
 D = Non-vault monster count
 E = Vault monster count
 F = Vault count percentage of total count
                 A         B        C        D         E       F
            +---------+---------+-------+---------+---------+-------
      Total |      96 |       0 |   0.0 |      41 |       0 |   0.0
            +---------+---------+-------+---------+---------+-------
        D:1 |      53 |       0 |   0.0 |      31 |       0 |   0.0
        D:2 |      43 |       0 |   0.0 |      10 |       0 |   0.0
            +---------+---------+-------+---------+---------+-------
